 Dungeon Crawl Stone Soup version 0.27.1-33-g824d729ab1 (webtiles) character file.

Game seed: 2488435113787477268

111 halfoni the Skirmisher (level 4, 0/49 HPs)
             Began as an Ogre Berserker on Dec 18, 2021.
             Was a Believer of Trog.
             Killed by divine providence
             ... invoked by an orc priest
              (12 damage)
             ... on level 3 of the Dungeon.
             The game lasted 00:02:30 (2355 turns).

halfoni the Skirmisher (Ogre Berserker)             Turns: 2355, Time: 00:02:30

Health: 0/49       AC:  3    Str: 22    XL:     4   Next: 92%
Magic:  4/4        EV: 10    Int:  8    God:    Trog [**....]
Gold:   91         SH:  0    Dex:  8    Spells: 3/3 levels left

rFire    + . .     SeeInvis .   a - +0 hand axe
rCold    . . .     Faith    .   (no shield)
rNeg     . . .     Spirit   .   b - +0 animal skin
rPois    .         Reflect  .   (helmet restricted)
rElec    .         Harm     .   (no cloak)
rCorr    .         Rampage  .   (gloves unavailable)
Will     .....                  (boots unavailable)
Stlth    +.........             (no amulet)
HPRegen  0.16/turn              f - ring of protection from fire
MPRegen  0.09/turn              (no ring)

@: on berserk cooldown, slowed, very slow
A: large, unfitting armour, tough skin 1
a: Renounce Religion, Berserk, Trog's Hand


You were on level 3 of the Dungeon.
You worshipped Trog.
Trog was pleased with you.
You visited 1 branch of the dungeon, and saw 3 of its levels.

You collected 91 gold pieces.

Inventory:

Hand Weapons
 a - a +0 hand axe (weapon)
Armour
 b - a +0 animal skin (worn)
Jewellery
 f - a ring of protection from fire (left hand)
Scrolls
 i - a scroll of identify {unknown}
Potions
 c - a potion of resistance {unknown}
 d - 2 potions of curing {unknown}
 e - a potion of cancellation {unknown}
 g - 2 potions of mutation {unknown}
 h - a potion of haste {unknown}
 j - a potion of brilliance {unknown}


   Skills:
 + Level 4.6 Fighting
 + Level 4.3 Axes
 + Level 3.5 Dodging
 + Level 0.7 Stealth


You had 3 spell levels left.
You didn't know any spells.
Your spell library was empty.

Dungeon Overview and Level Annotations

Branches:
Dungeon (3/15)

Altars:

Shops:
D:3 :


Innate Abilities, Weirdness & Mutations

You are too large for most types of armour.
You have tough skin. (AC +1)


Message History

The orc priest mumbles some strange prayers to Beogh against you.
Beogh smites you!
The orc priest hits you with a +0 hand axe.
You hit the orc priest.
The orc priest is moderately wounded.
The orc priest hits you with a +0 hand axe.
You slash the orc priest!
You kill the orc priest!
Trog accepts your kill. The orc priest barely misses you.
There is an open door, spattered with blood here.
Things that are here:
a +0 hand axe; a +0 flail; an orc corpse You hit the orc priest.
The orc priest is heavily wounded.
You are no longer berserk.
You are exhausted.
You feel yourself slow down. The orc priest closely misses you.
You hit the orc priest.
The orc priest is heavily wounded.
The orc priest hits you but does no damage.
You hit the orc priest.
The orc priest is almost dead.
The orc priest barely misses you.
The orc priest calls down the wrath of Beogh upon you.
Beogh smites you!
* * * LOW HITPOINT WARNING * * *
You closely miss the orc priest.
The orc priest is almost dead.
The orc priest hits you but does no damage.
The orc priest hits you with a +0 dagger.
* * * LOW HITPOINT WARNING * * *
You barely miss the orc priest.
The orc priest is severely wounded.
The orc priest closely misses you.
You hit the orc priest.
The orc priest is almost dead.
The orc priest calls down the wrath of Beogh upon you.
Beogh smites you!
You die...

#§§.......
#......#
#§§..##.##
#......#
#§§..#...#
'......#
#≈.......)
#......#
#≈...#...#
#......#
#≈...##.##
#......#
#≈≈.......
#.o....#
#≈≈§...... #@#
#≈§≈≈..... #)#
#≈§≈§≈≈≈≈≈ #.#
########## #.#
....... ..#
#.##..........#
#.##..........#
#>##..........#
#.#...........#
## #.#
..........# ..


You could see an orc priest.

Vanquished Creatures
  An orc priest (D:3)
  2 adders (D:3)
  2 worms
  3 dart slugs (D:1)
  4 orcs (D:3)
  4 endoplasms
  3 giant cockroaches
  A goblin (D:2)
  4 hobgoblins
  3 quokkas
  9 ball pythons
  3 bats
  3 frilled lizards
  4 kobolds
  2 rats
48 creatures vanquished.

Notes
Turn   | Place    | Note
-------+----------+-------------------------------------------
     0 | D:1      | halfoni the Ogre Berserker began the quest for the Orb.
     0 | D:1      | Reached XP level 1. HP: 24/24 MP: 1/1
   160 | D:1      | Reached XP level 2. HP: 29/32 MP: 2/2
  1063 | D:1      | Reached XP level 3. HP: 36/39 MP: 3/3
  1326 | D:2      | Found a faded altar of an unknown god.
  1756 | D:3      | Reached ** piety under Trog
  1810 | D:3      | Found Lit Daj's Book Emporium.
  2059 | D:3      | Reached XP level 4. HP: 38/49 MP: 4/4
  2355 | D:3      | Killed from afar by an orc priest

Illustrated notes

Levels and vault maps discovered:
D:1:      wander_arrival_chamber, layout_loops_cross, minmay_misc_feat_rugged,
          chequers_serial_rivers_large_b, minmay_tetromino_t2
D:2:      layout_basic, shapermc_ecumenical_altar_rom_forum
D:3:      layout_basic, nicolae_overflow_hidden_temple, serial_shops,
          nicolae_shop_waterfront, shop, st_stairs_9, kennysheep_generic_room_2

Skill      XL: |  1  2  3  4 |
---------------+-------------+-----
Dodging        | 3 |  3.5
Axes           | 4 |  4.3
Fighting       | |  4.6
Stealth        | |  0.7

Action                   |  1- 3 |  4- 6 || total
-------------------------+-------+-------++-------
Melee: Hand axe          |   149 |    48 ||   197
Invok: Berserk           |       |     1 ||     1
Armor: Animal skin       |    47 |    11 ||    58
Dodge: Dodged            |    81 |    28 ||   109
